 Seeded DCSS version 0.30.1-1-g62c8e00024 (webtiles) character file.

Game seed: 6351066067085065685 (custom seed)

18 Esekla the Grave Robber (level 2, -1/15 HPs)
             Began as a Deep Elf Necromancer on July 15, 2023.
             Slain by a hound (4 damage)
             ... on level 3 of the Dungeon.
             The game lasted 00:02:54 (400 turns).

Esekla the Grave Robber (Deep Elf Necromancer)       Turns: 400, Time: 00:02:55

Health: -1/15      AC:  2    Str:  5    XL:     2   Next: 51%
Magic:  8/8        EV: 12    Int: 19    God:
Gold:   24         SH:  0    Dex: 15    Spells: 6/7 levels left

rFire   . . .        j - +3 dagger (speed)
rCold   . . .        (no shield)
rNeg    . . .        a - +0 robe
rPois   .            (no helmet)
rElec   .            (no cloak)
rCorr   .            (no gloves)
SInv    .            (no boots)
Will    .....        (no amulet)
Stlth   ++           (no ring)
HPRegen 0.22/turn    (no ring)
MPRegen 0.11/turn

%: no passive effects
@: no status effects
A: no striking features
a: no special abilities


You were on level 3 of the Dungeon.
You visited 1 branch of the dungeon, and saw 3 of its levels.

You collected 24 gold pieces.

Inventory:

Hand Weapons
 j - a +3 dagger of speed (weapon)
Armour
 a - a +0 robe (worn)
Scrolls
 e - a scroll of fear {unknown}
 f - a scroll of identify {unknown}
Potions
 b - a potion of magic
 g - a potion of attraction {unknown}
 h - a potion of haste {unknown}
 i - a potion of curing {unknown}


   Skills:
 + Level 0.2 Short Blades
 * Level 2.6 Dodging
 + Level 2.6 Stealth
 * Level 3.2 Spellcasting
 + Level 5.3 Necromancy


You had 6 spell levels left.
You knew the following spells:

 Your Spells              Type           Power      Damage    Failure   Level
a - Necrotise             Necr           92%        1d8       1%          1

Your spell library contained the following spells:

 Spells                   Type           Power      Damage    Failure   Level
 Vampiric Draining        Necr           23%        2d7       4%          3
 Animate Dead             Necr           23%        N/A       16%         4
 Agony                    Necr           23%        N/A       41%         5


Dungeon Overview and Level Annotations

Branches:
Dungeon (3/15)

Altars:
Hepliaklqana
Qazlal


Message History

The hound closely misses you.
You completely miss the hound.
The hound is lightly wounded.
The hound completely misses you.
You hit the hound.
The hound is moderately wounded.
The hound barely misses you.
You hit the hound but do no damage.
The hound is moderately wounded.
The hound closely misses you.
You hit the hound.
The hound is heavily wounded.
The hound closely misses you.
You completely miss the hound.
The hound is heavily wounded.
The hound closely misses you.
You hit the hound.
The hound is severely wounded.
The hound completely misses you.
You hit the hound but do no damage.
The hound is severely wounded.
The hound bites you.
You hit the hound.
The hound is severely wounded.
The hound barely misses you.
You hit the hound but do no damage.
The hound is severely wounded.
The hound bites you but does no damage.
You hit the hound.
The hound is almost dead.
The hound bites you.
* * * LOW HITPOINT WARNING * * *
You closely miss the hound.
The hound is almost dead.
The hound bites you.
* * * LOW HITPOINT WARNING * * *
You hit the hound.
The hound is almost dead.
The hound bites you.
You die...

##########
#.....wh@#
......###..#
...._ .#..#
#... .. #.#
... ... .#
.. .._. .# .
..... #
.....#


You could see a hound and a dart slug.

Vanquished Creatures
  An adder (D:3)
  3 ball pythons (D:1)
  2 goblins (D:2)
  A frilled lizard (D:1)
  2 kobolds (D:1)
9 creatures vanquished.

Notes
Turn   | Place    | Note
-------+----------+-------------------------------------------
     0 | D:1      | Esekla the Deep Elf Necromancer began the quest for the
                  | Orb.
     0 | D:1      | Reached XP level 1. HP: 10/10 MP: 6/6
    77 | D:1      | Reached skill level 5 in Necromancy
   291 | D:2      | Reached XP level 2. HP: 14/15 MP: 8/8
   371 | D:3      | Found a stormy altar of Qazlal.
   380 | D:3      | Found a hazy altar of Hepliaklqana.
   400 | D:3      | Slain by a hound

Illustrated notes

Levels and vault maps discovered:
D:1:      sevenhm_arrival_forest_fort_small_3, layout_rooms,
          chequers_serial_rivers_room_b, minmay_misc_feat_five
D:2:      layout_loops_ring, dreamdust_ecumenical_altar_angels_and_demons,
          serial_shops, shop
D:3:      layout_basic, grunt_temple_overflow_open, minmay_misc_feat_iff

Skill      XL: |  1 |
---------------+----+-----
Necromancy     | 5 |  5.3
Short Blades   | |  0.2
Dodging        | |  2.6
Stealth        | |  2.6
Spellcasting   | |  3.2

Action                     || total
---------------------------++-------
  Melee: Short sword       ||    37
         Unarmed           ||     9
         Dagger            ||    24
    Use: Potion            ||     1
 Armour: Robe              ||     9
  Dodge: Dodged            ||    47
